 Dungeon Crawl Stone Soup version 0.31.0-9-g3a7656b989 (webtiles) character file.

Game seed: 2872780952700829184

1448 qw the Skirmisher (level 8, -6/40 HPs)
             Began as a Spriggan Hunter on Feb 3, 2024.
             Was an Initiate of Okawaru.
             Killed from afar by an acid dragon (34 damage)
             ... with a splash of acid
             ... on level 6 of the Dungeon.
             The game lasted 00:01:26 (4014 turns).

qw the Skirmisher (Spriggan Hunter)                 Turns: 4014, Time: 00:01:26

Health: -6/40      AC:  2    Str:  7    XL:     8   Next: 46%
Magic:  9/9        EV: 23    Int: 11    God:    Okawaru [......]
Gold:   200        SH:  0    Dex: 20    Spells: 7/7 levels left

rFire   . . .        f - +6 hand cannon (flame)
rCold   . . .        (no shield)
rNeg    . . .        c - +0 robe
rPois   .            (helmet restricted)
rElec   .            (no cloak)
rCorr   .            (gloves unavailable)
SInv    +            (boots unavailable)
Will    +....        (no amulet)
Stlth   ++           i - +4 ring of protection
HPRegen 0.26/turn    (no ring)
MPRegen 0.11/turn

%: no passive effects
@: corroded, very quick
A: very small, no large weapons, unfitting armour, see invisible, speed 3
a: Renounce Religion


You were on level 6 of the Dungeon.
You worshipped Okawaru.
Okawaru was noncommittal.
You visited 2 branches of the dungeon, and saw 7 of its levels.

You collected 298 gold pieces.
You spent 98 gold pieces at shops.


Innate Abilities, Weirdness & Mutations

You are very small and have problems with some larger weapons.
You are too small for most types of armour.
You have supernaturally acute eyesight. (SInv)
You cover ground extremely quickly. (Speed+++)


   Skills:
 - Level 3.1 Fighting
 - Level 9.1 Ranged Weapons
 + Level 8.0 Dodging
 - Level 1.5 Stealth


You had 7 spell levels left.
You didn't know any spells.
Your spell library was empty.

Inventory:

Hand Weapons
 f - a +6 hand cannon of flaming (weapon)
Armour
 c - a +0 robe (worn)
Jewellery
 b - an amulet of guardian spirit
 i - a +4 ring of protection (left hand)
Scrolls
 e - 4 scrolls of enchant armour
 g - 4 scrolls of teleportation
Potions
 a - a potion of might
 d - a potion of resistance
 h - 2 potions of curing

Dungeon Overview and Level Annotations

Branches:
Dungeon (6/15)             Temple (1/1) D:5

Altars:
Ashenzari
Cheibriados
Dithmenos
Elyvilon
Fedhas
Hepliaklqana
Kikubaaqudgha
Makhleb
Okawaru
Qazlal
Ru
Sif Muna
Trog
Uskayaw
Vehumet
Wu Jian
Yredelemnul
Zin
The Shining One

Shops:
D:4 ?   D:5 *


Message History

3906 ||| REMOVING amulet of guardian spirit.
You start removing your amulet.
You continue taking off your amulet of guardian spirit. x4
You finish taking off your amulet of guardian spirit.
Press < or > to pray at altars.
Press < or > to pray at altars.
Press < or > to pray at altars.
Press < or > to pray at altars.
Press < or > to pray at altars.
Press < or > to pray at altars.
You now have 191 gold pieces (gained 14).
g - 4 scrolls of teleportation (gained 1)
You now have 200 gold pieces (gained 9).
An ice beast comes into view.
You shoot a bolt. The bolt hits the ice beast!
The bolt melts the ice beast.
The ice beast is heavily wounded.
You shoot a bolt. The bolt hits the ice beast.
The bolt melts the ice beast.
The ice beast is almost dead.
You shoot a bolt. The bolt hits the ice beast!
The bolt melts the ice beast.
You kill the ice beast!
Okawaru accepts your kill.
Your Ranged Weapons skill increases to level 9!
Found a stone staircase leading down.
There is a stone staircase leading down here.
As you open the door, it creaks loudly!
You hear a roar!
You hear a shout! x2
An acid dragon comes into view.
You shoot a bolt. The bolt barely misses the acid dragon.
The acid dragon spits acid at you. The splash of acid hits you!
The acid corrodes you!
4007 ||| FLEEEEING.
4008 ||| FLEEEEING.
You start resting.
An acid dragon is nearby!
You shoot a bolt. The bolt hits the acid dragon!
The bolt burns the acid dragon.
The acid dragon is heavily wounded.
You shoot a bolt. The bolt barely misses the acid dragon.
The acid dragon spits acid at you. The splash of acid hits you!!
Ouch! That really hurt!
You die...

.... .... #. ...# D.. ### #.
##.### ... ..# #. .#...### #..
#.# #. .......# #.# #.# #.
....##.# #.# #.# ## ....##.#
##'## #.# .#..##.#
##..D#######.#### ##.....#
##....@##........#
...#.#.####......0#.###..#.#
......#.##..........###....######
.........'....%..................
##....####..........###.....#####
##.#.## ##.......#.# ##.#..#
#.### ##.....##.######..# #.#
##...##....>.....# #.#
##+###.####.###.#


You could see an acid dragon (catching breath).

Vanquished Creatures
  A steam dragon (D:6)
  2 black bears
  An ice beast (D:6)
  3 ogres
  2 centaurs (D:6)
  A phantom (D:5)
  A bullfrog (D:6)
  A scorpion (D:5)
  2 bombardier beetles
  A hound (D:5)
  2 iguanas (D:4)
  A sleepcap (D:6)
  11 gnolls (D:5)
  9 adders
  3 dart slugs
  2 ribbon worms (D:3)
  7 orcs
  7 bats
  5 endoplasms
  3 giant cockroaches
  9 goblins
  5 hobgoblins
  A quokka (D:4)
  8 ball pythons
  2 frilled lizards (D:1)
  3 kobolds
  4 rats
97 creatures vanquished.

Notes
Turn   | Place    | Note
-------+----------+-------------------------------------------
     0 | D:1      | qw the Spriggan Hunter began the quest for the Orb.
     0 | D:1      | Reached XP level 1. HP: 10/10 MP: 2/2
     0 | D:1      | 0 ||| qw: Version: 0.3-a-155-g5e7d8dd
     0 | D:1      | 0 ||| qw: Game counter: 3002
     0 | D:1      | 0 ||| qw: Melee chars always use a shield: true
     0 | D:1      | 0 ||| qw: God list: Okawaru
     0 | D:1      | 0 ||| qw: Allow faded altars: false
     0 | D:1      | 0 ||| qw: Do Orc after clearing Dungeon:15 true
     0 | D:1      | 0 ||| qw: Do second Lair branch before Depths: true
     0 | D:1      | 0 ||| qw: Lair rune preference: random
     0 | D:1      | 0 ||| qw: Goals: Normal
     0 | D:1      | 0 ||| PLANNING D:1-11
    78 | D:1      | Reached skill level 3 in Dodging
   161 | D:1      | Reached XP level 2. HP: 14/14 MP: 3/3
   458 | D:1      | 458 ||| READING scroll labelled JEAXTA DELIS.
   458 | D:1      | 458 ||| ENCHANTING +0 shortbow.
   459 | D:1      | 459 ||| READING scroll labelled JURUOH TIGU.
   560 | D:1      | 560 ||| READING scroll labelled ZIENEUC IRYGEW.
   561 | D:1      | 561 ||| DROPPING scroll of butterflies.
   653 | D:2      | Reached XP level 3. HP: 18/18 MP: 4/4
   899 | D:2      | Found a faded altar of an unknown god.
   944 | D:2      | Reached skill level 5 in Ranged Weapons
  1230 | D:2      | 1230 ||| DROPPING amulet of magic regeneration.
  1231 | D:2      | 1231 ||| READING 2 scrolls labelled FAIGRUUQIU.
  1231 | D:2      | 1231 ||| ENCHANTING +0 shortbow.
  1232 | D:2      | 1232 ||| READING scroll of enchant weapon.
  1232 | D:2      | 1232 ||| ENCHANTING +1 shortbow.
  1239 | D:3      | Reached XP level 4. HP: 22/22 MP: 5/5
  1280 | D:3      | Noticed an ogre
  1285 | D:3      | Killed an ogre
  1286 | D:3      | Reached skill level 6 in Dodging
  1286 | D:3      | Reached XP level 5. HP: 25/25 MP: 6/6
  1305 | D:3      | 1305 ||| READING scroll of enchant weapon.
  1305 | D:3      | 1305 ||| ENCHANTING +2 shortbow.
  1329 | D:3      | Found a broken altar of Ashenzari.
  1360 | D:3      | Found an ornate altar of the Wu Jian Council.
  1428 | D:3      | Found a glowing golden altar of the Shining One.
  1545 | D:3      | Found a basalt altar of Yredelemnul.
  1550 | D:3      | 1550 ||| READING scroll of enchant weapon.
  1550 | D:3      | 1550 ||| ENCHANTING +3 shortbow.
  1616 | D:3      | You fall into a shaft and drop 2 floors!
  1616 | D:5      | Entered Level 5 of the Dungeon
  1616 | D:5      | Found a staircase to the Ecumenical Temple.
  1617 | D:5      | 1617 ||| PLANNING TEMPLE
  1617 | D:5      | 1617 ||| READING scroll labelled ERYEVE YDGHI.
  1618 | D:5      | 1618 ||| READING scroll labelled EMIULU WUDOLL.
  1619 | D:5      | 1619 ||| READING scroll labelled BYCKADWOWK.
  1642 | D:5      | Noticed a phantom
  1656 | D:5      | Killed a phantom
  1657 | D:5      | Reached XP level 6. HP: 28/30 MP: 7/7
  1663 | D:5      | 1663 ||| DRINKING 2 bubbling brown potions.
  1664 | D:5      | 1664 ||| DROPPING potion of degeneration.
  1673 | Temple   | Entered the Ecumenical Temple
  1674 | Temple   | 1674 ||| PLANNING D:1-11
  1754 | D:5      | Found a shimmering blue altar of Sif Muna.
  1771 | D:5      | Reached skill level 6 in Ranged Weapons
  1793 | D:5      | Found Cunit's Serpentskin Sales.
  1954 | D:4      | 1954 ||| UPGRADING to amulet of guardian spirit.
  2008 | D:3      | Found a white marble altar of Elyvilon.
  2182 | D:3      | 2182 ||| READING scroll labelled COPOTR EDESOGE.
  2187 | D:3      | 2187 ||| READING scroll labelled ZUEDIA CEFIEPP.
  2187 | D:3      | Identified a scroll of acquirement
  2187 | D:3      | 2187 ||| ACQUIRING +5 hand cannon of flaming
  2187 | D:3      | Acquired a +5 hand cannon of flaming
  2189 | D:3      | 2189 ||| SWAPPING to +5 hand cannon of flaming.
  2190 | D:3      | 2190 ||| DROPPING +4 shortbow.
  2272 | D:4      | Found Pieriavo's Magic Scroll Emporium.
  2280 | D:4      | 2280 ||| BUYING scroll of identify (28 gold).
  2280 | D:4      | Bought a scroll of identify for 28 gold pieces
  2280 | D:4      | 2280 ||| BUYING scroll of identify (28 gold).
  2280 | D:4      | Bought a scroll of identify for 28 gold pieces
  2280 | D:4      | 2280 ||| BUYING scroll of teleportation (42 gold).
  2280 | D:4      | Bought a scroll of teleportation for 42 gold pieces
  2338 | D:4      | Found a radiant altar of Vehumet.
  2416 | D:4      | Reached skill level 7 in Ranged Weapons
  2418 | D:4      | Reached XP level 7. HP: 35/35 MP: 8/8
  2650 | D:4      | 2650 ||| READING scroll of enchant weapon.
  2650 | D:4      | 2650 ||| ENCHANTING +5 hand cannon of flaming.
  2923 | D:4      | 2923 ||| READING 2 scrolls of identify.
  2923 | D:4      | 2923 ||| IDENTIFYING bubbling grey potion
  2924 | D:4      | 2924 ||| READING scroll of identify.
  2924 | D:4      | 2924 ||| IDENTIFYING scroll labelled TADGHI LUAVYN
  2925 | D:4      | 2925 ||| READING scroll labelled GEYRYTHIUBBO.
  2926 | D:4      | 2926 ||| DROPPING scroll of immolation.
  3439 | D:5      | 3439 ||| DRINKING 2 smoky sapphire potions.
  3450 | D:6      | 3450 ||| STAIRDANCE
  3453 | D:5      | Reached skill level 8 in Ranged Weapons
  3455 | D:6      | 3455 ||| STAIRDANCE
  3574 | D:6      | Noticed a steam dragon
  3576 | D:6      | Killed a steam dragon
  3577 | D:6      | Reached skill level 3 in Fighting
  3577 | D:6      | Reached XP level 8. HP: 40/40 MP: 9/9
  3647 | D:6      | Found a burning altar of Makhleb.
  3649 | D:6      | Noticed a green death
  3890 | D:6      | Found an iron altar of Okawaru.
  3891 | D:6      | 3891 ||| PLANNING OKAWARU WORSHIP
  3891 | D:6      | 3891 ||| UPGRADING to +4 ring of protection.
  3892 | D:6      | 3892 ||| READING scroll of identify.
  3892 | D:6      | 3892 ||| IDENTIFYING white potion
  3905 | D:6      | Became a worshipper of Warmaster Okawaru
  3906 | D:6      | 3906 ||| PLANNING D:1-11
  3906 | D:6      | 3906 ||| REMOVING amulet of guardian spirit.
  3969 | D:6      | Reached skill level 9 in Ranged Weapons
  4007 | D:6      | 4007 ||| FLEEEEING.
  4008 | D:6      | 4008 ||| FLEEEEING.
  4014 | D:6      | Killed from afar by an acid dragon

Levels and vault maps discovered:
D:1:      minmay_arrival_widening_spiral_wide, layout_rooms
D:2:      layout_loops_ring, shapermc_ecumenical_altar_mp_vishouse
D:3:      layout_rooms, kennysheep_ying_yang, nicolae_tso_swordbearing_angel,
          mainiacjoe_overflow_catwalk, mainiacjoe_overflow_cross_hatched,
          minivault_24, minmay_cut_off
D:4:      layout_basic, nicolae_overflow_crystal_walls, serial_shops,
          nicolae_diamond_shop, kennysheep_generic_room_9
D:5:      layout_basic, led_sif_pool, minmay_temple_entry_tees,
          guppyfry_shop_venom
D:6:      layout_loops_corners, makhleb_altar_promises_db, okawaru_gym_becter
Temple:   jpeg_temple_alley_garden

Skill      XL: |  1  2  3  4  5  6  7  8 |
---------------+-------------------------+-----
Dodging        | 3 4 6 7 8 |  8.0
Ranged Weapons | 5 7 8 9 |  9.1
Fighting       | 2 3 |  3.1
Stealth        | |  1.5

Action                     |  1- 3 |  4- 6 |  7- 9 || total
---------------------------+-------+-------+-------++-------
   Fire: Shortbow          |    98 |    90 |       ||   188
         Hand cannon       |       |     5 |    61 ||    66
    Use: Scroll            |     5 |     7 |     5 ||    17
         Potion            |       |     1 |     1 ||     2
 Armour: Robe              |     6 |     2 |     5 ||    13
  Dodge: Dodged            |    35 |    21 |    19 ||    75

Table legend:
 A = Non-vault XP
 B = Vault XP
 C = Vault XP percentage of total XP
 D = Non-vault monster count
 E = Vault monster count
 F = Vault count percentage of total count
                 A         B        C        D         E       F
            +---------+---------+-------+---------+---------+-------
      Total |    2048 |      21 |   1.0 |      93 |       4 |   4.1
            +---------+---------+-------+---------+---------+-------
        D:1 |      36 |       0 |   0.0 |      22 |       0 |   0.0
        D:2 |      60 |       0 |   0.0 |      13 |       0 |   0.0
        D:3 |     157 |       6 |   3.7 |      14 |       2 |  12.5
        D:4 |     411 |       1 |   0.2 |      14 |       1 |   6.7
        D:5 |     582 |      14 |   2.3 |      21 |       1 |   4.5
        D:6 |     802 |       0 |   0.0 |       9 |       0 |   0.0
            +---------+---------+-------+---------+---------+-------
